 Dungeon Crawl Stone Soup version 0.23-a0-582-g1b4a0ca (webtiles) character file.

110 Leeroy the Charmwright (level 4, 0/38 HPs)
             Began as a Gnoll Skald on Dec 16, 2018.
             Slain by Natasha (8 damage)
             ... on level 2 of the Dungeon.
             The game lasted 00:05:25 (1753 turns).

Leeroy the Charmwright (Gnoll Skald)                Turns: 1753, Time: 00:05:25

Health: 0/38       AC:  3    Str: 13    XL:     4   Next: 91%
Magic:  9/11       EV: 14    Int: 16    God:
Gold:   116        SH:  0    Dex: 15    Spells: 2/13 levels left

rFire    . . .     SeeInvis .   p - +0 dire flail
rCold    . . .     Gourm    .   (shield currently unavailable)
rNeg     . . .     Faith    .   b - +0 leather armour
rPois    .         Spirit   .   (no helmet)
rElec    .         Reflect  .   (no cloak)
rCorr    .         Harm     .   (no gloves)
MR       .....                  (no boots)
Stlth    ++........             (no amulet)
HPRegen  0.12/turn              (no ring)
MPRegen  0.12/turn              (no ring)

@: no status effects
A: distributed training, fangs 1, strong nose
a: no special abilities


You were on level 2 of the Dungeon.
You were not hungry.

You visited 1 branch of the dungeon, and saw 2 of its levels.

You collected 116 gold pieces.

Inventory:

Hand Weapons
 a - a +0 falchion
 p - a +0 dire flail (weapon)
 r - a +0 hunting sling
Missiles
 g - 74 stones (quivered)
 k - 24 arrows
 m - 14 poisoned needles
 t - 7 sling bullets
Armour
 b - a +0 leather armour (worn)
Jewellery
 h - an uncursed ring of wizardry
Scrolls
 c - a scroll of blinking {unknown}
 f - 5 scrolls of identify
 q - a scroll of fog {unknown}
 s - a scroll of immolation {unknown}
 u - a scroll of remove curse {unknown}
Potions
 e - a potion of haste {unknown}
 i - a potion of mutation {unknown}
 j - a potion of lignification {unknown}
 l - a potion of agility {unknown}
 n - a potion of berserk rage {unknown}
 o - 2 potions of flight {unknown}
Comestibles
 d - 9 rations


   Skills:
 + Level 4.7 Fighting
 + Level 1.2 Short Blades
 + Level 4.7 Long Blades
 + Level 1.2 Axes
 + Level 1.2 Maces & Flails
 + Level 1.2 Polearms
 + Level 1.2 Staves
 + Level 1.2 Slings
 + Level 1.2 Bows
 + Level 1.2 Crossbows
 + Level 1.2 Throwing
 + Level 2.8 Armour
 + Level 4.7 Dodging
 + Level 1.2 Stealth
 + Level 1.2 Shields
 + Level 1.2 Unarmed Combat
 + Level 5.1 Spellcasting
 + Level 1.0 Conjurations
 + Level 1.0 Hexes
 + Level 5.5 Charms
 + Level 1.0 Summonings
 + Level 1.0 Necromancy
 + Level 1.0 Translocations
 + Level 1.0 Transmutations
 + Level 1.0 Fire Magic
 + Level 1.0 Ice Magic
 + Level 1.0 Air Magic
 + Level 1.0 Earth Magic
 + Level 1.0 Poison Magic
 + Level 1.4 Invocations
 + Level 1.2 Evocations


You had 2 spell levels left.
You knew the following spells:

 Your Spells              Type           Power        Failure   Level  Hunger
a - Infusion              Chrm           ###.         1%          1    None
b - Song of Slaying       Chrm           ###.....     3%          2    #......
c - Shroud of Golubria    Chrm/Tloc      ##........   8%          2    #......
d - Regeneration          Chrm/Necr      ##........   16%         3    ###....
e - Spectral Weapon       Hex/Chrm       ##......     16%         3    ###....

Your spell library contained the following spells:

 Spells                   Type           Power        Failure   Level  Hunger


Dungeon Overview and Level Annotations

Branches:
Dungeon (2/15)

Altars:
Ashenzari

Annotations:
D:2 Natasha


Innate Abilities, Weirdness & Mutations

Your experience applies equally to all skills.
You have very sharp teeth.
Your uncanny sense of smell can sniff out nearby items.


Message History

You swap places.
Natasha barely misses you.
You thump Natasha!
Natasha is severely wounded.
Natasha barely misses you.
Natasha closely misses your spectral weapon.
You swap places.
Natasha claws you.
You barely miss Natasha.
Natasha is severely wounded.
Natasha barely misses you. Natasha closely misses you.
You hit Natasha but do no damage.
Natasha is severely wounded.
Natasha claws you!
You closely miss Natasha. Your bite misses Natasha.
Natasha is severely wounded.
Natasha claws you!
* * * LOW HITPOINT WARNING * * *
You closely miss Natasha. You bite Natasha, but do no damage.
Natasha is severely wounded.
Natasha claws you!
You die...

...........# #..#.........
.##.######.# ####..#...#.##.#
.##.# #.# ##.##..#####.##.# ....#
#.# ##.#.#........##+#
##########.#####.###.#.#######...
## #...<....#.## ##..# ##.... .##
#÷.##.##.##.###..## ##.....
..####.....##.###.#....####......
..'.........(..h@(.......>'......
..####....###.####.#...####......
.## #..#.# #.# #.##.## ##..... ##
#.........# #.#### ##...† #
#.######### #.# ##... #. #.# ##'#
#. #.# #.# #.# ##.# #.# #...


You could see Natasha and a friendly spectral +0 dire flail.

Vanquished Creatures
  A worker ant (D:2)
  Natasha (D:2)
  2 adders (D:2)
  2 worms (D:2)
  3 dart slugs
  4 bats
  2 giant cockroaches
  5 goblins
  5 hobgoblins
  2 kobolds
  A quokka (D:2)
  3 frilled lizards
  4 rats
35 creatures vanquished.

Notes
Turn   | Place    | Note
-------+----------+-------------------------------------------
     0 | D:1      | Leeroy the Gnoll Skald began the quest for the Orb.
     0 | D:1      | Reached XP level 1. HP: 20/20 MP: 6/6
   134 | D:1      | Reached XP level 2. HP: 26/26 MP: 7/7
   260 | D:1      | Found a shattered altar of Ashenzari.
  1005 | D:2      | Learned a level 2 spell: Song of Slaying
  1008 | D:2      | Learned a level 2 spell: Shroud of Golubria
  1028 | D:2      | Reached XP level 3. HP: 25/31 MP: 9/9
  1033 | D:2      | Learned a level 3 spell: Regeneration
  1037 | D:2      | Learned a level 3 spell: Spectral Weapon
  1119 | D:2      | Reached skill level 5 in Spellcasting
  1136 | D:2      | Reached skill level 1 in Invocations
  1168 | D:2      | Reached skill level 1 in Short Blades
  1168 | D:2      | Reached skill level 1 in Axes
  1168 | D:2      | Reached skill level 1 in Maces & Flails
  1168 | D:2      | Reached skill level 1 in Polearms
  1168 | D:2      | Reached skill level 1 in Staves
  1168 | D:2      | Reached skill level 1 in Slings
  1168 | D:2      | Reached skill level 1 in Bows
  1168 | D:2      | Reached skill level 1 in Crossbows
  1168 | D:2      | Reached skill level 1 in Throwing
  1168 | D:2      | Reached skill level 1 in Stealth
  1168 | D:2      | Reached skill level 1 in Shields
  1168 | D:2      | Reached skill level 1 in Unarmed Combat
  1168 | D:2      | Reached skill level 1 in Evocations
  1168 | D:2      | Reached XP level 4. HP: 18/38 MP: 0/11
  1239 | D:2      | Noticed Natasha
  1258 | D:2      | Killed Natasha
  1405 | D:2      | Reached skill level 1 in Conjurations
  1405 | D:2      | Reached skill level 1 in Hexes
  1405 | D:2      | Reached skill level 1 in Summonings
  1405 | D:2      | Reached skill level 1 in Necromancy
  1405 | D:2      | Reached skill level 1 in Translocations
  1405 | D:2      | Reached skill level 1 in Transmutations
  1405 | D:2      | Reached skill level 1 in Fire Magic
  1405 | D:2      | Reached skill level 1 in Ice Magic
  1405 | D:2      | Reached skill level 1 in Air Magic
  1405 | D:2      | Reached skill level 1 in Earth Magic
  1405 | D:2      | Reached skill level 1 in Poison Magic
  1741 | D:2      | Noticed Natasha
  1753 | D:2      | Slain by Natasha

Vault maps used:
D:1:      dpeg_arrival_windows_large_door, hex_tiny,
          nicolae_ashenzari_panopticon
D:2:      kennysheep_another_room, uniq_natasha

Skill      XL: |  1  2  3  4 |
---------------+-------------+-----
Spellcasting   | 5 |  5.1
Invocations    | 1 |  1.4
Short Blades   | 1 |  1.2
Axes           | 1 |  1.2
Maces & Flails | 1 |  1.2
Polearms       | 1 |  1.2
Staves         | 1 |  1.2
Slings         | 1 |  1.2
Bows           | 1 |  1.2
Crossbows      | 1 |  1.2
Throwing       | 1 |  1.2
Stealth        | 1 |  1.2
Shields        | 1 |  1.2
Unarmed Combat | 1 |  1.2
Evocations     | 1 |  1.2
Conjurations   | 1 |  1.0
Hexes          | 1 |  1.0
Summonings     | 1 |  1.0
Necromancy     | 1 |  1.0
Translocations | 1 |  1.0
Transmutations | 1 |  1.0
Fire Magic     | 1 |  1.0
Ice Magic      | 1 |  1.0
Air Magic      | 1 |  1.0
Earth Magic    | 1 |  1.0
Poison Magic   | 1 |  1.0
Fighting       | |  4.7
Long Blades    | |  4.7
Armour         | |  2.8
Dodging        | |  4.7
Charms         | |  5.5

Action                   |  1- 3 |  4- 6 || total
-------------------------+-------+-------++-------
Melee: Falchion          |    58 |    21 ||    79
       Bite              |     8 |    10 ||    18
       Punch             |     1 |     2 ||     3
       Dire flail        |       |    40 ||    40
Throw: Stone             |       |     2 ||     2
 Cast: Regeneration      |     3 |     1 ||     4
       Spectral Weapon   |       |     2 ||     2
       Shroud of Golubri |       |     1 ||     1
  Use: Scroll            |     1 |       ||     1
 Stab: Sleeping          |     5 |       ||     5
  Eat: Chunk             |     1 |     2 ||     3
Armor: Leather armour    |    10 |    10 ||    20
Dodge: Dodged            |    45 |    47 ||    92
       Rpst.: Falchion   |    14 |     6 ||    20

Table legend:
 A = Non-vault XP
 B = Vault XP
 C = Vault XP percentage of total XP
 D = Non-vault monster count
 E = Vault monster count
 F = Vault count percentage of total count
                 A         B        C        D         E       F
            +---------+---------+-------+---------+---------+-------
      Total |     125 |      33 |  20.9 |      34 |       1 |   2.9
            +---------+---------+-------+---------+---------+-------
        D:1 |      30 |       0 |   0.0 |      15 |       0 |   0.0
        D:2 |      95 |      33 |  25.8 |      19 |       1 |   5.0
            +---------+---------+-------+---------+---------+-------
